 Dungeon Crawl Stone Soup version 0.31-a0-698-g4a7cf283bb (webtiles) character file.

Game seed: 1491088271238404072

590 qw the Shooter (level 7, -4/43 HPs)
             Began as a Gargoyle Hunter on Sept 7, 2023.
             Slain by Duvessa
             ... wielding a +0 short sword
              (12 damage)
             ... on level 4 of the Dungeon.
             The game lasted 00:01:17 (3021 turns).

qw the Shooter (Gargoyle Hunter)                    Turns: 3021, Time: 00:01:17

Health: -4/43      AC: 10    Str: 17    XL:     7   Next: 39%
Magic:  7/7        EV: 12    Int:  8    God:
Gold:   105        SH:  0    Dex: 18    Spells: 6/6 levels left

rFire   . . .        Y - +0 longbow
rCold   . . .        (shield currently unavailable)
rNeg    + . .        b - +1 leather armour {Will+}
rPois   inf          (no helmet)
rElec   +            (no cloak)
rCorr   .            (no gloves)
SInv    .            f - +0 pair of boots
Will    +....        (no amulet)
Stlth   ++           (no ring)
HPRegen 0.27/turn    (no ring)
MPRegen 0.10/turn

%: no passive effects
@: about to teleport
A: sickness immunity, AC +4, negative energy resistance 1, electricity
resistance, torment resistance 1, petrification resistance, agile 1, strong 1
a: no special abilities


You were on level 4 of the Dungeon.
You visited 1 branch of the dungeon, and saw 4 of its levels.

You collected 105 gold pieces.


Innate Abilities, Weirdness & Mutations

You are immune to sickness and miasma.
Your stone body is resilient. (AC +4)
You are immune to poison.
You resist negative energy. (rN+)
You are resistant to electric shocks. (rElec)
You are resistant to unholy torment.
You are immune to petrification.
You are agile. (Dex +4, Str/Int -1)
Your muscles are strong. (Str +4, Int/Dex -1)


   Skills:
 - Level 4.0 Fighting
 + Level 7.6 Ranged Weapons
 - Level 1.8 Armour
 - Level 2.2 Dodging
 - Level 1.1 Stealth


You had 6 spell levels left.
You didn't know any spells.
Your spell library was empty.

Inventory:

Hand Weapons
 Y - a +0 longbow (weapon)
Armour
 b - a +1 leather armour of willpower (worn)
 f - a +0 pair of boots (worn)
 h - a +0 cloak
Scrolls
 e - a scroll of identify
 g - 4 scrolls of teleportation
Potions
 a - a potion of might {unknown}
 c - a potion of mutation
 d - 3 potions of curing

Dungeon Overview and Level Annotations

Branches:
Dungeon (4/15)
 Temple: D:4-7

Altars:
Fedhas

Annotations:
D:4 Duvessa


Message History

3011 |||
Found retreat position at 1,1 (floor) with 0 blocking monsters and 1 monsters attacking at destination at distance 1
3011 ||| Stepping ~*~*~tactically~*~*~ (retreating).
The scorpion stings you.
Enter note: You shoot an arrow.
The arrow hits the scorpion.
The scorpion is lightly wounded.
The scorpion stings you but does no damage.
You shoot an arrow. The arrow hits the scorpion.
The scorpion is moderately wounded.
The scorpion barely misses you. The scorpion closely misses you.
You shoot an arrow. The arrow hits Dowan!
You kill Dowan!
Duvessa screams, "No!
How DARE you!"
Duvessa goes berserk!
You are no longer glowing.
The scorpion stings you but does no damage.
Duvessa rages.
The scorpion stings you.
You shoot an arrow. The arrow closely misses the scorpion.
The scorpion closely misses you.
You shoot an arrow. The arrow hits the scorpion!
The scorpion is almost dead.
The scorpion barely misses you.
The scorpion stings you but does no damage.
You shoot an arrow. The arrow hits the scorpion!
You kill the scorpion!
Duvessa hits you with a +0 short sword.
You shoot an arrow. The arrow completely misses Duvessa.
Duvessa hits you but does no damage. Duvessa hits you with a +0 short sword!
You shoot an arrow. The arrow hits Duvessa!
Duvessa is lightly wounded.
Duvessa hits you but does no damage. Duvessa closely misses you.
You shoot an arrow. The arrow hits Duvessa.
Duvessa is moderately wounded.
Duvessa closely misses you. Duvessa hits you with a +0 short sword!
3021 ||| READING 5 scrolls of teleportation.
As you read the scroll of teleportation, it crumbles to dust.
You feel strangely unstable. Duvessa hits you with a +0 short sword!
You die...

.)............# ........
..............## ......
............... #####....
..........#.... #...##...
.....$....##.. #.......< ....
#...##.# # #..#..).
#..###....#.# .# #..##...
####....#....Ke###.# ##......#
.............##@...# #..###..#
.......#......)...### #.......#
.##<...##..)........###..##.....
.......#...###......... #.....
.......)...###...###.#...##)....
##.......####......####...#.....
#.......#.#...###....#.....#...
...............####.#....#..#...
.#.#.............# ##...######..


You could see Duvessa (berserk) and a kobold.

Vanquished Creatures
  3 scorpions
  Dowan (D:4)
  3 jellies (D:3)
  A hound (D:4)
  Terence (D:2)
  3 orc wizards (D:4)
  4 adders
  2 worms (D:2)
  2 dart slugs
  An orc (D:4)
  6 ball pythons
  15 endoplasms
  3 giant cockroaches
  3 goblins
  11 hobgoblins
  10 jackals
  15 kobolds
  4 quokkas
  7 bats
  5 frilled lizards
  15 rats
115 creatures vanquished.

Notes
Turn   | Place    | Note
-------+----------+-------------------------------------------
     0 | D:1      | qw the Gargoyle Hunter began the quest for the Orb.
     0 | D:1      | Reached XP level 1. HP: 12/12 MP: 1/1
     0 | D:1      | 0 ||| qw: Version: 0.3-a-76-g4403597
     0 | D:1      | 0 ||| qw: Game counter: 382
     0 | D:1      | 0 ||| qw: Melee chars always use a shield: true
     0 | D:1      | 0 ||| qw: God list: Okawaru
     0 | D:1      | 0 ||| qw: Allow faded altars: false
     0 | D:1      | 0 ||| qw: Do Orc after clearing Dungeon:15 true
     0 | D:1      | 0 ||| qw: Do second Lair branch before Depths: true
     0 | D:1      | 0 ||| qw: Lair rune preference: random
     0 | D:1      | 0 ||| qw: Goals: Normal
     0 | D:1      | 0 ||| PLANNING D:1-11
   208 | D:1      | Reached XP level 2. HP: 17/17 MP: 2/2
   217 | D:1      | You fall into a shaft and drop 1 floor!
   416 | D:2      | Noticed Terence
   427 | D:2      | HP: 1/17 [Terence/+0 mace (5)]
   428 | D:2      | Killed Terence
   429 | D:2      | Reached skill level 5 in Ranged Weapons
   429 | D:2      | Reached XP level 3. HP: 2/21 MP: 3/3
   512 | D:2      | 512 ||| DROPPING scarf of invisibility.
   513 | D:2      | 513 ||| UPGRADING to +0 pair of boots.
   518 | D:2      | 518 ||| DRINKING 2 fuming puce potions.
   519 | D:2      | 519 ||| DROPPING scroll of butterflies.
   786 | D:1      | Reached skill level 3 in Fighting
   786 | D:1      | Reached XP level 4. HP: 28/28 MP: 4/4
   908 | D:1      | 908 ||| SWAPPING to +0 longbow.
   914 | D:1      | 914 ||| DROPPING +0 shortbow.
  1100 | D:1      | 1100 ||| UPGRADING to +1 leather armour of willpower.
  1110 | D:1      | 1110 ||| DROPPING +0 leather armour.
  1111 | D:1      | 1111 ||| DROPPING ring of magical power.
  1112 | D:1      | 1112 ||| READING scroll labelled GEZ RYSMAT.
  1113 | D:1      | 1113 ||| READING 2 scrolls labelled ZIPAFU DAIVOLU.
  1118 | D:1      | 1118 ||| READING scroll labelled MUATUN CATRIM.
  1155 | D:2      | Found a faded altar of an unknown god.
  1923 | D:2      | 1923 ||| READING scroll labelled MYKUSSIUMOLO.
  1924 | D:2      | 1924 ||| READING scroll labelled LAIDAS VADUDOGG.
  1984 | D:3      | Found a blossoming altar of Fedhas.
  2021 | D:3      | Reached XP level 5. HP: 32/32 MP: 5/5
  2052 | D:3      | Reached skill level 6 in Ranged Weapons
  2282 | D:3      | 2282 ||| Stepping ~*~*~tactically~*~*~ (retreating).
  2287 | D:3      | Reached skill level 1 in Armour
  2291 | D:3      | Reached XP level 6. HP: 34/38 MP: 6/6
  2657 | D:3      | 2657 ||| READING scroll labelled VOKLEU DEDEU.
  2658 | D:3      | 2658 ||| DRINKING 2 bubbling puce potions.
  2658 | D:3      | Gained mutation: Your muscles are strong. (Str +4, Int/Dex
                  | -1) [potion of mutation]
  2658 | D:3      | Gained mutation: You are agile. (Dex +4, Str/Int -1)
                  | [potion of mutation]
  2672 | D:4      | 2672 ||| STAIRDANCE
  2722 | D:4      | 2722 ||| STAIRDANCE
  2815 | D:4      | 2815 ||| RETREATING.
  2828 | D:4      | Reached skill level 7 in Ranged Weapons
  2828 | D:4      | Reached XP level 7. HP: 20/43 MP: 7/7
  2998 | D:4      | Noticed Dowan
  2999 | D:4      | Noticed Duvessa
  3006 | D:4      | 3006 ||| Stepping ~*~*~tactically~*~*~ (retreating).
  3007 | D:4      | 3007 ||| Stepping ~*~*~tactically~*~*~ (retreating).
  3008 | D:4      | 3008 ||| Stepping ~*~*~tactically~*~*~ (retreating).
  3009 | D:4      | 3009 ||| Stepping ~*~*~tactically~*~*~ (retreating).
  3010 | D:4      | 3010 ||| Stepping ~*~*~tactically~*~*~ (retreating).
  3011 | D:4      | 3011 ||| Stepping ~*~*~tactically~*~*~ (retreating).
  3014 | D:4      | Killed Dowan
  3020 | D:4      | HP: 8/43 [Duvessa/+0 short sword (9)]
  3021 | D:4      | 3021 ||| READING 5 scrolls of teleportation.
  3021 | D:4      | Slain by Duvessa

Levels and vault maps discovered:
D:1:      dpeg_arrival_arbitrary_a, layout_basic, corexii_leaking_fountain,
          patterned_corridor
D:2:      layout_basic, hellmonk_ecumenical_altar_leap_of_faith,
          roderic_lattice_a, minmay_rat_gold_closets, uniq_terence
D:3:      cheibrodos_fertilizer, layout_basic, fedhas_altar_3,
          due_unseen_surprise
D:4:      layout_cave_pools, nemelex_spade_bored_becter,
          pf_guarded_unrand_delatra, uniq_duvessa

Skill      XL: |  1  2  3  4  5  6 |
---------------+-------------------+-----
Ranged Weapons | 5 6 7 |  7.6
Fighting       | 3 4 |  4.0
Armour         | 1 |  1.8
Dodging        | 2 |  2.2
Stealth        | |  1.1

Action                     |  1- 3 |  4- 6 |  7- 9 || total
---------------------------+-------+-------+-------++-------
   Fire: Shortbow          |    87 |     1 |       ||    88
         Longbow           |       |   185 |    31 ||   216
    Use: Potion            |     1 |     1 |       ||     2
         Scroll            |       |     6 |     1 ||     7
 Armour: Leather armour    |    28 |    76 |    33 ||   137
  Dodge: Dodged            |    31 |    78 |    14 ||   123

Table legend:
 A = Non-vault XP
 B = Vault XP
 C = Vault XP percentage of total XP
 D = Non-vault monster count
 E = Vault monster count
 F = Vault count percentage of total count
                 A         B        C        D         E       F
            +---------+---------+-------+---------+---------+-------
      Total |     578 |     266 |  31.5 |      86 |      29 |  25.2
            +---------+---------+-------+---------+---------+-------
        D:1 |      47 |       0 |   0.0 |      26 |       0 |   0.0
        D:2 |      55 |      45 |  45.0 |      23 |      10 |  30.3
        D:3 |     142 |     154 |  52.0 |      22 |      18 |  45.0
        D:4 |     334 |      67 |  16.7 |      15 |       1 |   6.2
            +---------+---------+-------+---------+---------+-------
